 Dungeon Crawl Stone Soup version 0.22-a0-848-ge9e22a0 (webtiles) character file.

3278 yoda5477 the Magician (level 10, 0/77 HPs)
             Began as a Gnoll Skald on July 26, 2018.
             Was a Priest of Sif Muna.
             Slain by a two-headed ogre
             ... wielding a +0 giant club
              (15 damage)
             ... on level 8 of the Dungeon.
             The game lasted 01:03:01 (9081 turns).

yoda5477 the Magician (Gnoll Skald)                 Turns: 9081, Time: 01:03:02

Health: 0/77       AC: 14    Str: 19    XL:     10   Next: 0%
Magic:  5/6        EV: 16    Int: 16    God:    Sif Muna [***...]
Gold:   314        SH:  0    Dex: 22    Spells: 6/22 levels left

rFire    x . .     SeeInvis +   W - +4 battleaxe of the Coward {antimagic, Str+3}
rCold    + . .     Gourm    .   (shield currently unavailable)
rNeg     . . .     Faith    +   s - +3 ring mail of Rataojoz {rElec Dex+7 SInv Stlth+}
rPois    .         Spirit   .   J - +0 helmet
rElec    +         Reflect  .   A - +2 cloak
rCorr    .         Harm     .   (no gloves)
MR       .....                  k - +0 pair of boots
Stlth    ++++......             O - amulet of faith
HPRegen  0.22/turn              V - ring of ice
MPRegen  0.10/turn              b - ring of see invisible

@: no status effects
A: distributed training, fangs 1, strong nose
a: Divine Energy, Channel Magic, Renounce Religion


You were on level 8 of the Dungeon.
You worshipped Sif Muna.
Sif Muna was most pleased with you.
You were hungry.

You visited 2 branches of the dungeon, and saw 9 of its levels.

You collected 314 gold pieces.

Inventory:

Hand Weapons
 q - a +1 dagger of freezing
 r - a +5 spear
 D - a +2 vampiric hand axe
 F - a +1 hand axe of freezing
 W - the +4 battleaxe of the Coward (weapon) {antimagic, Str+3}
   (You found it on level 6 of the Dungeon)

   It reduces the magical energy of the wielder, and disrupts the spells and
   magical abilities of those hit.
   Natural abilities and divine invocations are not affected.
   It affects your strength (+3).
 X - a +4 quarterstaff of chaos
 Y - a +0 flail of holy wrath
Armour
 i - a +1 ring mail of fire resistance
 k - a +0 pair of boots (worn)
 s - the +3 ring mail of Rataojoz (worn) {rElec Dex+7 SInv Stlth+}
   (You found it on level 4 of the Dungeon)

   It affects your dexterity (+7).
   It insulates you from electricity.
   It lets you see invisible.
   It makes you more stealthy.
 w - a +0 robe of resistance
 A - a +2 cloak (worn)
 B - a +0 plate armour
 C - a +1 chain mail of cold resistance
 J - a +0 helmet (worn)
 Z - a +2 chain mail of magic resistance
Magical Staves
 K - an uncursed staff of power
Jewellery
 b - a ring of see invisible (right hand)
 M - an uncursed amulet of regeneration
 O - an amulet of faith (around neck)
 V - a ring of ice (left hand)
Wands
 z - a wand of iceblast (6)
 T - a wand of flame (27)
Scrolls
 a - a scroll of fear {unknown}
 j - 2 scrolls of teleportation
 l - a scroll of enchant armour {unknown}
 m - 3 scrolls of amnesia
 n - a scroll of vulnerability {unknown}
 t - 2 scrolls of enchant weapon
 x - 2 scrolls of identify
 I - 2 scrolls of magic mapping {unknown}
 S - 2 scrolls of remove curse
Potions
 c - a potion of flight {unknown}
 e - 6 potions of curing {unknown}
 f - a potion of haste {unknown}
 h - a potion of might {unknown}
 o - a potion of brilliance {unknown}
 p - 4 potions of heal wounds {unknown}
 u - a potion of berserk rage {unknown}
 E - a potion of agility {unknown}
 G - 4 potions of lignification {unknown}
 H - 3 potions of mutation {unknown}
 L - 2 potions of degeneration {unknown}
 R - a potion of ambrosia {unknown}
 U - a potion of resistance {unknown}
Comestibles
 d - 13 rations


   Skills:
 + Level 6.6 Fighting
 + Level 4.7 Short Blades
 + Level 4.7 Long Blades
 + Level 6.6 Axes
 + Level 4.7 Maces & Flails
 + Level 4.7 Polearms
 + Level 4.7 Staves
 + Level 4.7 Slings
 + Level 4.7 Bows
 + Level 4.7 Crossbows
 + Level 4.7 Throwing
 + Level 5.4 Armour
 + Level 6.6 Dodging
 + Level 4.7 Stealth
 + Level 4.7 Shields
 + Level 4.7 Unarmed Combat
 + Level 6.9 Spellcasting
 + Level 3.9 Conjurations
 + Level 3.9 Hexes
 + Level 6.8 Charms
 + Level 3.9 Summonings
 + Level 3.9 Necromancy
 + Level 3.9 Translocations
 + Level 3.9 Transmutations
 + Level 3.9 Fire Magic
 + Level 3.9 Ice Magic
 + Level 3.9 Air Magic
 + Level 3.9 Earth Magic
 + Level 3.9 Poison Magic
 + Level 5.2 Invocations
 + Level 4.7 Evocations


You had 6 spell levels left.
You knew the following spells:

 Your Spells              Type           Power        Failure   Level  Hunger
a - Infusion              Chrm           ####         1%          1    None
b - Song of Slaying       Chrm           ####....     1%          2    None
c - Shroud of Golubria    Chrm/Tloc      ###.......   3%          2    None
d - Regeneration          Chrm/Necr      ###.......   7%          3    ##.....
e - Blink                 Tloc           N/A          6%          2    None
f - Mephitic Cloud        Conj/Pois/Air  ###.....     12%         3    ##.....
g - Sandblast             Erth           ###...       4%          1    None
h - Passwall              Tmut/Erth      ###.....     6%          2    None

Your spell library contained the following spells:

 Spells                   Type           Power        Failure   Level  Hunger
 Magic Dart               Conj           ###.         4%          1    None
 Conjure Flame            Conj/Fire      ###.....     12%         3    ##.....
 Slow                     Hex            ###.....     6%          2    None
 Call Imp                 Summ           ###.....     6%          2    None
 Stone Arrow              Conj/Erth      ###...       12%         3    ##.....
 Lee's Rapid Deconstruct  Erth           ###.......   75%         5    #####..
 Petrify                  Tmut/Erth      ###.....     38%         4    ####...
 Spectral Weapon          Hex/Chrm       ###.....     7%          3    ##.....


Dungeon Overview and Level Annotations

Branches:
Dungeon (8/15)             Temple (1/1) D:6
   Lair: D:8-11

Altars:
Ashenzari
Cheibriados
Gozag
Hepliaklqana
Kikubaaqudgha
Makhleb
Okawaru
Ru
Sif Muna
Trog
Vehumet
Wu Jian
Xom
Yredelemnul
Zin
The Shining One

Shops:
D:5 %(

Annotations:
D:5 Blork the orc, Menkaure
D:7 4 runed doors, exclusion: 2 doors


Innate Abilities, Weirdness & Mutations

Your experience applies equally to all skills.
You have very sharp teeth.
Your uncanny sense of smell can sniff out nearby items.


Message History

Your song is almost over.
The two-headed ogre hits you with a giant club!
* * * LOW HITPOINT WARNING * * *
The two-headed ogre closely misses you.
Your song has ended.
The sky beast flickers out of sight for a moment.
The sky beast flickers out of sight for a moment.
Things that are here:
a club; a leather armour; a whip The sky beast flickers out of sight for a moment.
The sky beast flickers out of sight for a moment.
An orc wizard comes into view. It is wielding a short sword.
The orc wizard shouts!
The orc wizard casts a spell at you. The magic dart hits you!
* * * LOW HITPOINT WARNING * * *
There is a stone staircase leading up here.
The two-headed ogre closely misses you.
The two-headed ogre hits you with a giant spiked club!
You die...

#.. #.# #.# #.# .. #.#
.. #.# ..#+# ####.#
#.#.# #######....# ..
#.#.###.....O@..##
#.##.#<..#.###.#.#.#
..#.#.###.#...#.#.#
##.#...o..o......#.#
...###.###.#.#####.#
#...##.# #.#.#.....###
#.#.##.# #.#.#.#.....#
.....#.###Y#.#.#.###.#
####..)....#.#.#.# #.#


You could see a two-headed ogre and an orc wizard.

Vanquished Creatures
  Grinder (D:6)
  Prince Ribbit (D:6)
  A hungry ghost (D:7)
  Edmund (D:6)
  A black bear (D:7)
  A sky beast (D:8)
  2 orc warriors
  2 ice beasts (D:6)
  A phantom (D:7)
  2 ogres
  2 centaurs (D:6)
  A big kobold (D:8)
  4 bullfrogs
  A scorpion (D:6)
  2 howler monkeys (D:8)
  4 crimson imps
  Crazy Yiuf (D:6)
  A bullfrog skeleton (D:6)
  8 orc priests
  2 centaur skeletons (D:7)
  2 hounds
  5 orc wizards
  Ijyb (D:5)
  2 iguanas
  7 worker ants
  A hound skeleton (D:5)
  10 adders
  6 oozes
  3 worms
  2 dart slugs (D:1)
  4 leopard geckos
  30 orcs
  3 bats
  7 giant cockroaches
  9 hobgoblins
  20 jackals
  13 kobolds
  A quokka (D:7)
  A ball python (D:4)
  4 frilled lizards
  12 goblins
  7 rats
189 creatures vanquished.

Notes
Turn   | Place    | Note
-------+----------+-------------------------------------------
     0 | D:1      | yoda5477 the Gnoll Skald began the quest for the Orb.
     0 | D:1      | Reached XP level 1. HP: 20/20 MP: 6/6
     1 | D:1      | Found a runed door.
   336 | D:1      | Reached XP level 2. HP: 19/26 MP: 3/7
   944 | D:1      | Reached XP level 3. HP: 28/31 MP: 9/9
  1008 | D:1      | Reached skill level 5 in Spellcasting
  1142 | D:1      | Reached skill level 1 in Invocations
  1159 | D:1      | Reached skill level 1 in Short Blades
  1159 | D:1      | Reached skill level 1 in Long Blades
  1159 | D:1      | Reached skill level 1 in Maces & Flails
  1159 | D:1      | Reached skill level 1 in Polearms
  1159 | D:1      | Reached skill level 1 in Staves
  1159 | D:1      | Reached skill level 1 in Slings
  1159 | D:1      | Reached skill level 1 in Bows
  1159 | D:1      | Reached skill level 1 in Crossbows
  1159 | D:1      | Reached skill level 1 in Throwing
  1159 | D:1      | Reached skill level 1 in Stealth
  1159 | D:1      | Reached skill level 1 in Shields
  1159 | D:1      | Reached skill level 1 in Unarmed Combat
  1159 | D:1      | Reached skill level 1 in Evocations
  1159 | D:1      | Reached XP level 4. HP: 15/38 MP: 6/11
  1686 | D:2      | Reached skill level 1 in Conjurations
  1686 | D:2      | Reached skill level 1 in Hexes
  1686 | D:2      | Reached skill level 1 in Summonings
  1686 | D:2      | Reached skill level 1 in Necromancy
  1686 | D:2      | Reached skill level 1 in Translocations
  1686 | D:2      | Reached skill level 1 in Transmutations
  1686 | D:2      | Reached skill level 1 in Fire Magic
  1686 | D:2      | Reached skill level 1 in Ice Magic
  1686 | D:2      | Reached skill level 1 in Air Magic
  1686 | D:2      | Reached skill level 1 in Earth Magic
  1686 | D:2      | Reached skill level 1 in Poison Magic
  1775 | D:2      | Found a bloodstained altar of Trog.
  2294 | D:2      | Reached XP level 5. HP: 41/43 MP: 6/12
  2748 | D:3      | Learned a level 2 spell: Song of Slaying
  2751 | D:3      | Learned a level 2 spell: Shroud of Golubria
  2755 | D:3      | Learned a level 3 spell: Regeneration
  2842 | D:3      | Found a deep blue altar of Sif Muna.
  2856 | D:3      | Became a worshipper of Sif Muna the Loreminder
  2934 | D:3      | Reached XP level 6. HP: 49/50 MP: 6/13
  3557 | D:4      | Reached skill level 5 in Fighting
  3557 | D:4      | Reached skill level 5 in Axes
  3557 | D:4      | Reached skill level 5 in Dodging
  3818 | D:4      | Reached XP level 7. HP: 41/56 MP: 15/15
  4189 | D:4      | Got a bloodstained ring mail
  4200 | D:4      | Identified the +3 ring mail of Rataojoz {rElec Dex+7 SInv Stlth+} (You found it on level 4 of the Dungeon)
  4283 | D:4      | HP: 2/56 [orc priest/divine providence (12)]
  4847 | D:4      | Learned a level 2 spell: Blink
  4851 | D:4      | Learned a level 3 spell: Mephitic Cloud
  4852 | D:5      | Entered Level 5 of the Dungeon
  4854 | D:5      | Noticed Ijyb
  4906 | D:5      | Found Vioxtef's Food Shop.
  5346 | D:5      | Noticed Menkaure
  5526 | D:5      | Noticed Blork the orc
  5529 | D:5      | Found Qaeq's Weapon Shop.
  5549 | D:5      | Killed Ijyb
  5643 | D:5      | Learned a level 1 spell: Sandblast
  5879 | D:6      | Reached * piety under Sif Muna
  5879 | D:6      | Reached XP level 8. HP: 54/63 MP: 1/16
  6014 | D:6      | Found an ancient bone altar of Kikubaaqudgha.
  6180 | D:6      | Found a glowing silver altar of Zin.
  6205 | D:6      | Noticed Prince Ribbit
  6407 | D:6      | Found a glowing golden altar of the Shining One.
  6407 | D:6      | Found a shattered altar of Ashenzari.
  6407 | D:6      | Found a radiant altar of Vehumet.
  6504 | D:6      | Killed Prince Ribbit
  6789 | D:6      | Learned a level 2 spell: Passwall
  6806 | D:6      | Got a pitted battleaxe
  6807 | D:6      | Identified the +4 battleaxe of the Coward {antimagic, Str+3} (You found it on level 6 of the Dungeon)
  6883 | D:6      | Reached ** piety under Sif Muna
  7048 | D:6      | Reached XP level 9. HP: 59/69 MP: 12/18
  7178 | D:6      | Found a runed door.
  7186 | D:6      | Noticed Crazy Yiuf
  7190 | D:6      | Killed Crazy Yiuf
  7365 | D:6      | Noticed Grinder
  7382 | D:6      | Killed Grinder
  7443 | D:6      | Found a staircase to the Ecumenical Temple.
  7443 | D:6      | Noticed Edmund
  7472 | D:6      | Killed Edmund
  7483 | Temple   | Entered the Ecumenical Temple
  7620 | D:7      | Found a huge runed gate.
  7621 | D:7      | Found a huge runed gate.
  7621 | D:7      | Noticed a polar bear
  7621 | D:7      | Noticed a polar bear
  7622 | D:7      | Found a huge runed gate.
  7622 | D:7      | Noticed a polar bear
  7622 | D:7      | Noticed a polar bear
  7622 | D:7      | Noticed a polar bear
  7622 | D:7      | Noticed a manticore
  7623 | D:7      | Noticed a polar bear
  7624 | D:7      | Found a huge runed gate.
  7624 | D:7      | Noticed a polar bear
  7767 | D:7      | Reached skill level 5 in Armour
  7843 | D:7      | Found a basalt altar of Yredelemnul.
  8346 | D:8      | Noticed a two-headed ogre
  8396 | D:8      | Reached skill level 5 in Invocations
  8481 | D:8      | Reached *** piety under Sif Muna
  8595 | D:8      | Noticed a two-headed ogre
  9035 | D:8      | Reached XP level 10. HP: 77/77 MP: 1/20
  9081 | D:8      | Slain by a two-headed ogre

Vault maps used:
D:1:      dpeg_arrival_caged_fury
D:2:      old_standard_altar, first_ration
D:3:      nicolae_overflow_crystal_walls
D:4:      kennysheep_another_room, minmay_misc_feat_plants
D:5:      serial_shops, nicolae_shop_behind_doors, shop, uniq_ijyb,
          uniq_blork_the_orc, uniq_menkaure
D:6:      grunt_temple_overflow_open, minmay_temple_entry_fiery, uniq_grinder,
          uniq_edmund, uniq_crazy_yiuf_cottage, uniq_prince_ribbit1
D:7:      lemuel_bear_cage, kennysheep_mini_moat
D:8:      nicolae_ossuary_entry_plus, uniq_joseph
Temple:   eino_narrow_crystal_temple

Skill      XL: |  1  2  3  4  5  6  7  8  9 |
---------------+----------------------------+-----
Spellcasting   | 5 6 |  6.9
Invocations    | 1 2 3 4 5 |  5.2
Short Blades   | 1 2 3 4 |  4.7
Long Blades    | 1 2 3 4 |  4.7
Maces & Flails | 1 2 3 4 |  4.7
Polearms       | 1 2 3 4 |  4.7
Staves         | 1 2 3 4 |  4.7
Slings         | 1 2 3 4 |  4.7
Bows           | 1 2 3 4 |  4.7
Crossbows      | 1 2 3 4 |  4.7
Throwing       | 1 2 3 4 |  4.7
Stealth        | 1 2 3 4 |  4.7
Shields        | 1 2 3 4 |  4.7
Unarmed Combat | 1 2 3 4 |  4.7
Evocations     | 1 2 3 4 |  4.7
Conjurations   | 1 2 3 |  3.9
Hexes          | 1 2 3 |  3.9
Summonings     | 1 2 3 |  3.9
Necromancy     | 1 2 3 |  3.9
Translocations | 1 2 3 |  3.9
Transmutations | 1 2 3 |  3.9
Fire Magic     | 1 2 3 |  3.9
Ice Magic      | 1 2 3 |  3.9
Air Magic      | 1 2 3 |  3.9
Earth Magic    | 1 2 3 |  3.9
Poison Magic   | 1 2 3 |  3.9
Armour         | 3 4 5 |  5.4
Fighting       | 5 6 |  6.6
Axes           | 5 6 |  6.6
Dodging        | 5 6 |  6.6
Charms         | 6 |  6.8

Action                   |  1- 3 |  4- 6 |  7- 9 | 10-12 || total
-------------------------+-------+-------+-------+-------++-------
Melee: Hand axe          |    78 |   114 |   334 |       ||   526
       Bite              |     8 |     9 |    52 |       ||    69
       Spear             |       |    14 |       |       ||    14
       Punch             |       |       |     6 |       ||     6
       Battleaxe         |       |       |     1 |     3 ||     4
 Cast: Infusion          |    13 |    25 |    31 |       ||    69
       Song of Slaying   |       |     9 |    28 |       ||    37
       Shroud of Golubri |       |     1 |    19 |       ||    20
       Regeneration      |       |       |    10 |       ||    10
       Sandblast         |       |       |     2 |       ||     2
       Mephitic Cloud    |       |       |     6 |       ||     6
  Use: Scroll            |     1 |     6 |     5 |       ||    12
 Stab: Sleeping          |     2 |       |       |       ||     2
       Confused          |       |       |     2 |       ||     2
  Eat: Chunk             |     1 |     8 |    12 |       ||    21
       Ration            |       |       |     2 |       ||     2
Armor: Leather armour    |    16 |     4 |       |       ||    20
       Ring mail         |       |    26 |    87 |       ||   113
Dodge: Dodged            |    46 |    78 |   236 |     6 ||   366

Table legend:
 A = Spawn XP
 B = Non-spawn XP
 C = Spawn XP percentage of total XP
 D = Spawn monster count
 E = Non-spawn monster count
 F = Spawn count percentage of total count
 G = Total turns spent on level
                    A         B        C        D         E        F      G
               +---------+---------+-------+---------+---------+-------+---------
         Total |       0 |    4683 |   0.0 |       0 |     189 |   0.0 |  9081
               +---------+---------+-------+---------+---------+-------+---------
           D:1 |       0 |      96 |   0.0 |       0 |      35 |   0.0 |  1370
           D:2 |       0 |      76 |   0.0 |       0 |      20 |   0.0 |  1141
           D:3 |       0 |     171 |   0.0 |       0 |      26 |   0.0 |   896
           D:4 |       0 |     544 |   0.0 |       0 |      21 |   0.0 |  1861
           D:5 |       0 |     160 |   0.0 |       0 |      11 |   0.0 |   582
           D:6 |       0 |    1983 |   0.0 |       0 |      35 |   0.0 |  1730
           D:7 |       0 |     957 |   0.0 |       0 |      17 |   0.0 |   855
           D:8 |       0 |     696 |   0.0 |       0 |      24 |   0.0 |   644
               +---------+---------+-------+---------+---------+-------+---------
